 Dungeon Crawl Stone Soup version 0.30-a0-54-g2e61a25929 (webtiles) character file.

Game seed: 799888974827690273

243 mealworm the Shield-Bearer (level 5, 0/47 HPs)
             Began as a Minotaur Fighter on Sept 8, 2022.
             Slain by RandomusNamus's ghost (8 damage)
             ... on level 4 of the Dungeon.
             The game lasted 00:31:01 (2986 turns).

mealworm the Shield-Bearer (Minotaur Fighter)       Turns: 2986, Time: 00:31:01

Health: 0/47       AC: 11    Str: 23    XL:     5   Next: 82%
Magic:  4/4        EV:  7    Int:  5    God:
Gold:   258        SH:  4    Dex:  9    Spells: 4/4 levels left

rFire   . . .      SeeInvis .    h - +1 short sword (freeze)
rCold   . . .      Faith    .    c - +0 buckler
rNeg    . . .      Spirit   .    d - +1 chain mail
rPois   .          Reflect  .    (helmet restricted)
rElec   .          Harm     .    n - scarf {shadows}
rCorr   .          Rampage  .    r - +0 pair of gloves
Will    .....                    (no boots)
Stlth   ..........               o - amulet of the acrobat
HPRegen 0.15/turn                (no ring)
MPRegen 0.09/turn                (no ring)

@: no status effects
A: horns 2, retaliatory headbutt
a: no special abilities


You were on level 4 of the Dungeon.
You visited 1 branch of the dungeon, and saw 4 of its levels.

You collected 258 gold pieces.

Inventory:

Hand Weapons
 a - a +0 dagger
 h - a +1 short sword of freezing (weapon)
Missiles
 e - 6 poisoned darts (quivered)
 k - 5 javelins
Armour
 c - a +0 buckler (worn)
 d - a +1 chain mail (worn)
 n - a scarf of shadows (worn)
 r - a +0 pair of gloves (worn)
Jewellery
 o - an amulet of the acrobat (around neck)
Wands
 s - a wand of roots (3)
Scrolls
 b - a scroll of poison
 f - 2 scrolls of fog
 l - a scroll of enchant armour
 p - 3 scrolls of identify
 q - a scroll of fear {unknown}
 u - a scroll of vulnerability {unknown}
Potions
 g - a potion of curing
 i - 2 potions of cancellation {unknown}
 j - a potion of mutation {unknown}
 m - 2 potions of heal wounds {unknown}
 t - a potion of lignification {unknown}
 v - 3 potions of attraction {unknown}
 w - 2 potions of flight {unknown}


   Skills:
 + Level 4.7 Fighting
 * Level 3.7 Short Blades
 - Level 2.4 Axes
 + Level 4.8 Armour
 + Level 4.8 Shields


You had 4 spell levels left.
You didn't know any spells.
Your spell library was empty.

Dungeon Overview and Level Annotations

Branches:
Dungeon (4/15)
 Temple: D:4-7

Altars:

Annotations:
D:4 RandomusNamus's ghost, novice MiCA


Innate Abilities, Weirdness & Mutations

You have a pair of horns on your head.
You reflexively headbutt those who attack you in melee.


Message History

Throw: 7 darts (poison)
Press: ? - help, Q - select action, (/) - cycle Shift-Dir - straight line, f/p - RandomusNamus's ghost
Aim: RandomusNamus's ghost, wielding a weapon of flaming (moderately damaged, 47% to hit)
You throw a poisoned dart.
The poisoned dart closely misses RandomusNamus's ghost.
RandomusNamus's ghost says, "Ashes to ashes... so for me, and next for you!"
You block RandomusNamus's ghost's attack.
You hit RandomusNamus's ghost. You freeze RandomusNamus's ghost.
You headbutt RandomusNamus's ghost!
RandomusNamus's ghost is heavily damaged.
RandomusNamus's ghost hits you! RandomusNamus's ghost burns you.
RandomusNamus's ghost attacks as you move away!
RandomusNamus's ghost hits you but does no damage.
RandomusNamus's ghost attacks as you move away!
RandomusNamus's ghost closely misses you.
Aiming: Fastroot
Press: ? - help, Shift-Dir - straight line, p - RandomusNamus's ghost The roots erupt in riotous growth!
RandomusNamus's ghost is unaffected.
Something shouts, "Slither home, thou pribbling shard-borne bounder!"
RandomusNamus's ghost hits you. RandomusNamus's ghost burns you.
You hit RandomusNamus's ghost but do no damage.
RandomusNamus's ghost is heavily damaged.
RandomusNamus's ghost hits you!
* * * LOW HITPOINT WARNING * * *
RandomusNamus's ghost burns you.
* * * LOW HITPOINT WARNING * * *
RandomusNamus's ghost shrieks, "You will join me soon!"
As you read the scroll labelled XAUZAF KAOLIE, it crumbles to dust.
It is a scroll of identify.
b - 2 scrolls of poison RandomusNamus's ghost screams, "Zot is a myth, the ORB is a fable, you'll soon be a tale!"
You block RandomusNamus's ghost's attack.
The air fills with toxic fumes!
As you read the scroll of poison, it crumbles to dust.
RandomusNamus's ghost hits you but does no damage.
As you read the scroll labelled FOOZAN KOFIXYU, it crumbles to dust.
It is a scroll of enchant armour.
Your +0 chain mail glows green for a moment.
RandomusNamus's ghost hits you!
You die...

#.
#.##.'...##.....#.......
#.
#....'..(#$.=...#.....##
#. ####.(...#$...#.##.#.##
#.#####.#...##...#..#.#.#
. #...§§§§#....#
#..#.#(##.
####§§§##....###...#......
##§§§###.......##....##
#§§§W§###...###.....#
##.##@§§#####.....#.#
#§§§§§§§§§§..#####...
############## ###. .


You could see RandomusNamus's ghost.

Vanquished Creatures
  2 orc wizards (D:4)
  Robin (D:3)
  2 gnolls (D:3)
  6 adders
  A hound simulacrum (D:4)
  2 dart slugs (D:3)
  3 adder simulacra (D:4)
  10 orcs
  6 ball pythons
  4 bats
  5 endoplasms
  6 giant cockroaches
  8 goblins
  5 hobgoblins
  A jackal (D:2)
  4 quokkas
  3 frilled lizards
  10 kobolds
  A quokka simulacrum (D:4)
  5 rats
85 creatures vanquished.

Notes
Turn   | Place    | Note
-------+----------+-------------------------------------------
     0 | D:1      | mealworm the Minotaur Fighter began the quest for the Orb.
     0 | D:1      | Reached XP level 1. HP: 19/19 MP: 0/0
   371 | D:1      | Reached XP level 2. HP: 27/27 MP: 1/1
   463 | D:1      | Reached skill level 1 in Short Blades
  1178 | D:2      | Reached XP level 3. HP: 30/33 MP: 2/2
  1777 | D:3      | Reached XP level 4. HP: 40/40 MP: 3/3
  1997 | D:3      | Noticed Robin
  2018 | D:3      | Killed Robin
  2115 | D:3      | Reached XP level 5. HP: 32/47 MP: 4/4
  2122 | D:3      | Found a faded altar of an unknown god.
  2439 | D:4      | Found a runed translucent gate.
  2439 | D:4      | Found a runed translucent gate.
  2439 | D:4      | Found a runed translucent gate.
  2471 | D:4      | Noticed RandomusNamus's ghost (novice MiCA)
  2493 | D:4      | HP: 1/47 [white imp/puff of frost (7)]
  2986 | D:4      | Slain by RandomusNamus's ghost

Illustrated notes

Levels and vault maps discovered:
D:1:      onia_arrival_pyramid, layout_loops_ring
D:2:      wander_river, layout_rooms, minmay_tromino_v4_b
D:3:      layout_rooms, ebering_ecumenical_altar_sacrificial, uniq_robin
D:4:      layout_loops_cross, gammafunk_ghost_icy

Skill      XL: |  1  2  3  4 |
---------------+-------------+-----
Short Blades   | 1 2 3 |  3.7
Armour         | 4 |  4.8
Shields        | 4 |  4.8
Fighting       | 4 |  4.7
Axes           | |  2.4

Action                   |  1- 3 |  4- 6 || total
-------------------------+-------+-------++-------
Melee: Short sword       |    99 |   134 ||   233
       War axe           |     7 |       ||     7
       Headbutt          |     8 |    26 ||    34
Throw: Dart              |       |     2 ||     2
       Javelin           |       |     1 ||     1
Evoke: Wand              |       |     1 ||     1
  Use: Scroll            |     1 |     4 ||     5
       Potion            |       |     3 ||     3
Armor: Scale mail        |    38 |    35 ||    73
       Chain mail        |       |    14 ||    14
Dodge: Dodged            |    47 |    72 ||   119
Block: Buckler           |    29 |    24 ||    53

Table legend: (Time is in decaauts)
 A = Elapsed time spent in this place.
 B = Non-inter-level travel time spent in this place.
 C = Inter-level travel time spent in this place.
 D = Time resting spent in this place.
 E = Time spent auto-exploring this place.
 F = Levels seen in this place.
 G = Mean time per level.
                   A        B        C        D        E       F      G
               +--------+--------+--------+--------+--------+-----+--------+
         Total |   3002 |   2907 |     95 |    615 |    409 |   4 |  750.5 |
       Dungeon |   3002 |   2907 |     95 |    615 |    409 |   4 |  750.5 |
               +--------+--------+--------+--------+--------+-----+--------+

Top non-repeatable levels by time:
     D:1: 1082 daAuts
     D:3: 724 daAuts
     D:2: 605 daAuts
     D:4: 590 daAuts
